Map: Глубоководный риф РВ

Players

Yalta - Winner!

  • Race: Terran Terran
  • League: Master
  • Spawn Location: 5:00

Ramrod

  • Race: Zerg Zerg
  • League: Master
  • Spawn Location: 11:00

VOD

Have the link to the VOD?

Description

Time

  • Played on: Feb. 27, 2017, 1:20 p.m.
  • Length: 11:28
Show
View Real Time Build Order
Export as new Build Order

Yalta Terran - Winner!

Build Orders: Hellion Opening, Reaper Expand, Mech 

Get SALT Encoding   

  12  0:02  SCV  
  13  0:14  SCV  
  13  0:18  Supply Depot  
  14  0:25  Refinery  
  14  0:28  SCV  
  15  0:40  SCV  
  16  0:46  Barracks  
  16  0:52  SCV  
  17  1:04  SCV  
  18  1:16  SCV  
  19  1:33  Orbital Command  
  19  1:34  Reaper  
  20  1:49  Command Center  
  20  2:00  SCV  
  21  2:03  Factory  
  21  2:10  Barracks Reactor  
  21  2:15  SCV  
  22  2:16  Refinery  
  22  2:22  Supply Depot  
  22  2:27  SCV  
  23  2:47  SCV, Factory  
  26  2:58  Hellion  
  26  2:59  SCV, Hellion  
  26  3:02  Barracks Reactor  
  26  3:03  Orbital Command  
  29  3:12  SCV  
  30  3:19  Hellion  
  31  3:21  Hellion  
  31  3:24  SCV  
  34  3:31  SCV  
  35  3:37  SCV  
  35  3:41  Supply Depot  
  36  3:47  Hellion x2  
  40  3:50  SCV  
  40  3:51  Armory  
  40  3:52  SCV  
  42  3:59  Cyclone  
  45  4:07  Supply Depot  
  45  4:09  Cyclone  
  48  4:17  Supply Depot  
  48  4:20  Cyclone  
  48  4:22  SCV  
  52  4:25  SCV  
  53  4:32  Cyclone  
  53  4:38  Hellion  
  58  4:42  SCV x2  
  60  4:46  Supply Depot  
  60  4:50  Refinery  
  60  4:53  Cyclone  
  60  4:57  SCV x2  
  65  5:05  Terran Vehicle Weapons Level 1  
  65  5:09  SCV x2  
  67  5:19  Command Center  
  67  5:24  Hellion x2  
  65  5:45  Cyclone x2  
  65  5:46  Hellion x2  
  67  5:56  SCV x2  
  66  6:00  Refinery  
  66  6:06  Factory x2  
  66  6:10  Factory  
  66  6:14  Supply Depot  
  66  6:15  Supply Depot  
  66  6:16  Supply Depot  
  66  6:19  SCV x2  
  68  6:29  Hellion x2  
  68  6:30  Hellion x2  
  68  6:31  SCV  
  68  6:32  SCV  
  79  6:33  Orbital Command  
  78  6:46  SCV x2  
  80  6:55  Factory Tech Lab x3  
  80  6:58  SCV x2  
  80  6:59  Orbital Command  
  82  7:02  Terran Vehicle Weapons Level 2  
  82  7:13  Engineering Bay  
  82  7:14  Siege Tank x2  
  82  7:15  Siege Tank  
  91  7:17  Refinery x2, Hellion x2  
  95  7:24  SCV  
  95  7:25  SCV  
  95  7:26  SCV  
  98  7:38  Infernal Pre-Igniter  
  98  7:41  Supply Depot  
  98  7:42  Supply Depot x2  
  98  7:46  Missile Turret  
  98  7:49  Missile Turret  
  98  7:53  SCV x3  
  98  7:55  Siege Tank x2  
  98  7:56  Hellion x2  
  111  7:58  Missile Turret  
  111  8:00  Siege Tank  
  111  8:05  SCV x3  
  116  8:10  Hellion  
  113  8:27  Siege Tank  
  113  8:28  Cyclone x2  
  113  8:29  Cyclone x2  
  113  8:32  Hellion  
  130  8:37  Supply Depot  
  130  8:38  Supply Depot  
  130  8:45  Siege Tank  
  133  8:52  Starport  
  133  8:53  Hellion  
  135  8:59  Siege Tank  
  135  9:01  Hellion x3  
  129  9:10  Siege Tank  
  129  9:15  SCV x2, Hellion  
  136  9:17  Siege Tank  
  136  9:22  Hellion  
  135  9:34  Siege Tank, Hellion x2  
  135  9:36  Hellion  
  144  9:42  Hellion  
  143  9:49  Siege Tank, Hellion  
  148  9:56  Hellion  
  131  10:03  Siege Tank  
  131  10:04  Hellion x2  
  131  10:06  Siege Tank  
  126  10:14  Hellion  
  126  10:17  Hellion  
  131  10:21  Siege Tank  
  131  10:24  Starport Reactor  
  131  10:25  Command Center  
  131  10:26  Hellion x2  
  131  10:27  Supply Depot  
  137  10:36  Hellion  
  125  10:43  Hellion x2  
  125  10:44  Hellion  
  125  10:47  Hellion x2  
  114  10:57  Hellbat x2  
Show
View Real Time Build Order
Export as new Build Order

Ramrod Zerg 

Build Orders: Hatch First, Swarm Host 

Get SALT Encoding   

  12  0:00  Drone  
  13  0:12  Overlord  
  13  0:20  Drone  
  14  0:32  Drone x2  
  16  0:36  Drone  
  17  0:53  Hatchery  
  17  0:55  Drone  
  17  0:58  Drone  
  18  1:09  Extractor  
  17  1:13  Spawning Pool  
  17  1:15  Drone  
  17  1:19  Drone  
  18  1:29  Drone  
  19  1:38  Overlord  
  19  1:59  Queen  
  21  2:02  Zergling x4  
  21  2:04  Queen  
  21  2:05  Drone  
  26  2:08  Metabolic Boost  
  26  2:14  Drone  
  27  2:22  Drone  
  28  2:34  Overlord  
  28  2:35  Queen  
  30  2:38  Drone  
  31  2:49  Queen  
  31  2:50  Overlord  
  33  2:51  Drone x2  
  33  2:52  Drone  
  33  2:56  Drone  
  37  3:01  Drone  
  38  3:28  Drone x5  
  38  3:31  Roach Warren  
  42  3:34  Hatchery  
  41  3:43  Overlord  
  41  3:45  Drone x5  
  44  3:50  Queen  
  44  3:55  Evolution Chamber  
  45  4:06  Drone x4  
  49  4:11  Roach x3  
  49  4:13  Roach  
  57  4:26  Lair  
  57  4:28  Extractor  
  57  4:29  Extractor  
  57  4:31  Roach  
  57  4:39  Overlord  
  57  4:40  Overlord  
  57  4:48  Drone  
  58  4:55  Spore Crawler  
  58  4:57  Overlord x2  
  58  4:59  Drone x3  
  61  5:00  Drone x2  
  61  5:01  Queen  
  61  5:05  Roach x3  
  61  5:06  Roach  
  72  5:10  Overlord  
  72  5:11  Overlord  
  72  5:21  Drone x5  
  74  5:22  Drone  
  78  5:30  Roach x3  
  78  5:34  Ravager  
  80  5:47  Roach x4  
  78  5:50  Drone x2  
  78  5:51  Drone x3  
  78  5:53  Ravager  
  84  5:59  Glial Reconstitution  
  84  6:01  Roach  
  84  6:02  Roach x2  
  90  6:05  Overseer  
  90  6:08  Overlord  
  90  6:11  Drone  
  91  6:25  Overlord x2, Hatchery  
  90  6:28  Zerg Missile Weapons Level 1  
  90  6:36  Roach  
  90  6:37  Roach x3  
  98  6:40  Drone, Ravager  
  98  6:41  Drone x7  
  98  6:43  Extractor  
  98  6:44  Drone, Extractor  
  98  6:45  Drone  
  107  7:07  Roach x9  
  125  7:09  Overlord x3  
  125  7:12  Extractor  
  124  7:21  Drone x3  
  127  7:24  Spine Crawler  
  127  7:25  Drone, Spore Crawler  
  127  7:27  Drone, Spore Crawler  
  127  7:28  Drone x2  
  127  7:29  Spine Crawler  
  127  7:38  Roach x4  
  127  7:39  Roach  
  137  7:48  Drone  
  137  7:49  Drone x4  
  142  7:53  Roach x4  
  142  7:54  Infestation Pit  
  142  7:58  Roach x3  
  155  7:59  Roach  
  155  8:02  Overlord  
  155  8:04  Burrow  
  157  8:07  Spine Crawler  
  157  8:10  Overlord  
  156  8:17  Spore Crawler  
  156  8:18  Spine Crawler  
  154  8:24  Roach  
  154  8:25  Roach x4  
  156  8:28  Extractor  
  156  8:31  Extractor  
  156  8:33  Ravager  
  155  8:35  Ravager x2  
  155  8:36  Ravager x3  
  155  8:38  Roach  
  155  8:39  Roach x4  
  170  8:46  Overlord x3  
  170  8:48  Roach  
  172  8:51  Ravager  
  148  9:03  Roach x4  
  156  9:13  Swarm Host x2, Ravager  
  156  9:14  Swarm Host x4  
  156  9:17  Swarm Host  
  173  9:20  Drone  
  177  9:31  Ravager  
  164  9:48  Swarm Host  
  164  9:49  Swarm Host x2  
  164  9:52  Roach  
  185  9:53  Roach x12  
  154  10:05  Roach  
  154  10:06  Roach x6  
  150  10:10  Roach  
  145  10:14  Swarm Host  
  145  10:20  Ravager  
  145  10:21  Ravager  
  150  10:24  Roach x5  
  158  10:41  Roach x8  
  130  10:54  Roach  
  130  10:55  Roach x6  
  126  10:59  Roach x2  
Tags
 
Add a new tag
Caveats
  • Supply blocks, unpowered buildings, or Contaminate may cause inaccurate times.
  • Supply counts are checked every 10 seconds.